[ AOE2 MATCH · #506060224 ]
UnrankedSaracens vs Ethiopians
Player's team · LOSS
[ REPLAY ANALYSIS · EXTRACTED FROM THE RECORDED GAME ]
Feudal
8:51
Castle
21:45
Imperial
—
| APM avg | 60.2 |
| APM peak | 106 |
| eAPM avg | 25.2 |
| Villagers / military | 54 / 34 |
Focus
⚔️ 49.4% · 🌾 50.6%
Archer ×28 · Scout Cavalry ×5 · Mangonel ×1
Feudal
9:19
Castle
20:46
Imperial
—
| APM avg | 52.8 |
| APM peak | 72 |
| eAPM avg | 22.5 |
| Villagers / military | 78 / 55 |
Focus
⚔️ 34.0% · 🌾 66.0%
Archer ×38 · Skirmisher ×13 · Militia ×4
Match map
Initial resources + every placement click. Lines = walls · curves = elevation contours. ◆ gold · ⬟ stone · ● berries · ✦ relic · ◌ wall gap
Your base· ✓ Closed at 21:45 · 75t walls · 1 gate(s)
Attila Empires's base· ✓ Closed at 20:46 · 47t walls · no gate
Smoothed initial terrain · ◌ = detected wall gap · hover for details
Inputs per minute
— m4rco - - Attila Empires
Build order — m4rco
First 150 of 164 actions detected
| 0:00 | Queue | Villager (Male) |
| 0:01 | Queue | Villager (Male) |
| 0:01 | Queue | Villager (Male) |
| 0:02 | Build | House |
| 0:04 | Build | House |
| 0:13 | Queue | Villager (Male) |
| 1:34 | Queue | Villager (Male) |
| 1:34 | Queue | Villager (Male) |
| 1:54 | Queue | Villager (Male) |
| 1:54 | Queue | Villager (Male) |
| 2:25 | Build | Lumber Camp |
| 2:30 | Queue | Villager (Male) |
| 2:39 | Queue | Villager (Male) |
| 2:47 | Queue | Villager (Male) |
| 3:31 | Queue | Villager (Male) |
| 3:43 | Queue | Villager (Male) |
| 4:05 | Queue | Villager (Male) |
| 4:13 | Build | House |
| 4:50 | Queue | Villager (Male) |
| 5:22 | Queue | Villager (Male) |
| 5:30 | Build | Mill |
| 5:35 | Queue | Villager (Male) |
| 5:47 | Research | Loom |
| 6:41 | Research | Feudal Age |
| 6:41 | Research | Feudal Age |
| 6:58 | Build | Lumber Camp |
| 8:14 | Build | Barracks |
| 8:25 | Queue | Villager (Male) |
| 8:51 | Age | Feudal Age |
| 8:55 | Research | Double-Bit Axe |
| 8:57 | Build | Market |
| 9:01 | Queue | Villager (Male) |
| 9:08 | Build | Archery Range |
| 9:45 | Queue | Villager (Male) |
| 9:47 | Build | House |
| 9:53 | Queue | Archer |
| 9:59 | Build | House |
| 10:13 | Build | House |
| 10:22 | Queue | Villager (Male) |
| 10:37 | Queue | Villager (Male) |
| 10:41 | Build | Palisade Wall |
| 10:42 | Build | Palisade Wall |
| 10:46 | Build | Palisade Wall |
| 10:49 | Queue | Archer |
| 10:51 | Queue | Villager (Male) |
| 10:58 | Build | Mining Camp |
| 11:06 | Queue | Archer |
| 11:07 | Queue | Villager (Male) |
| 11:12 | Build | House |
| 11:21 | Queue | Villager (Male) |
| 11:26 | Build | Palisade Wall |
| 11:45 | Queue | Archer |
| 11:46 | Queue | Villager (Male) |
| 11:59 | Build | Farm |
| 12:05 | Queue | Archer |
| 12:12 | Build | Blacksmith |
| 12:34 | Queue | Villager (Male) |
| 12:37 | Build | Farm |
| 12:38 | Build | Farm |
| 12:39 | Build | Farm |
| 12:41 | Queue | Archer |
| 12:48 | Build | Palisade Wall |
| 12:51 | Build | Palisade Wall |
| 12:58 | Queue | Archer |
| 13:09 | Research | Fletching |
| 13:16 | Build | Farm |
| 13:19 | Build | Farm |
| 13:26 | Build | Palisade Wall |
| 13:27 | Build | Palisade Wall |
| 13:30 | Queue | Villager (Male) |
| 13:36 | Build | Palisade Wall |
| 13:39 | Build | Palisade Wall |
| 13:45 | Build | Farm |
| 13:57 | Queue | Villager (Male) |
| 14:10 | Build | Stable |
| 14:12 | Queue | Villager (Male) |
| 14:21 | Build | Palisade Wall |
| 14:24 | Queue | Archer |
| 14:29 | Build | House |
| 14:33 | Build | House |
| 14:38 | Queue | Villager (Male) |
| 14:54 | Queue | Scout Cavalry |
| 14:57 | Build | Farm |
| 15:07 | Build | Farm |
| 15:15 | Queue | Villager (Male) |
| 15:16 | Queue | Archer |
| 15:21 | Build | Farm |
| 15:25 | Queue | Villager (Male) |
| 15:42 | Build | Farm |
| 15:44 | Queue | Villager (Male) |
| 15:57 | Queue | Scout Cavalry |
| 15:57 | Queue | Scout Cavalry |
| 16:08 | Build | Palisade Wall |
| 16:11 | Build | Palisade Wall |
| 16:15 | Queue | Villager (Male) |
| 16:16 | Build | Farm |
| 16:19 | Queue | Archer |
| 16:34 | Queue | Scout Cavalry |
| 16:34 | Queue | Villager (Male) |
| 16:36 | Build | Farm |
| 16:42 | Queue | Archer |
| 16:55 | Build | House |
| 17:00 | Build | Farm |
| 17:03 | Queue | Scout Cavalry |
| 17:13 | Queue | Villager (Male) |
| 17:44 | Queue | Villager (Male) |
| 17:46 | Queue | Archer |
| 17:47 | Queue | Villager (Male) |
| 18:04 | Queue | Archer |
| 18:04 | Queue | Villager (Male) |
| 18:24 | Build | Archery Range |
| 18:36 | Queue | Archer |
| 18:40 | Queue | Villager (Male) |
| 19:05 | Research | Castle Age |
| 19:05 | Research | Castle Age |
| 19:14 | Queue | Archer |
| 19:21 | Build | Palisade Gate |
| 19:24 | Queue | Archer |
| 19:49 | Research | Horse Collar |
| 19:52 | Research | Gold Mining |
| 19:52 | Research | Gold Mining |
| 20:08 | Queue | Archer |
| 20:08 | Queue | Archer |
| 20:15 | Queue | Villager (Male) |
| 20:17 | Build | House |
| 20:29 | Build | House |
| 20:29 | Build | House |
| 20:32 | Queue | Archer |
| 20:32 | Queue | Archer |
| 21:23 | Queue | Archer |
| 21:28 | Queue | Villager (Male) |
| 21:45 | Age | Castle Age |
| 21:45 | Queue | Archer |
| 21:46 | Queue | Archer |
| 21:46 | Queue | Villager (Male) |
| 21:55 | Build | Siege Workshop |
| 22:00 | Research | Crossbowman (upgrade) |
| 22:07 | Research | Bodkin Arrow |
| 22:18 | Research | Town Watch |
| 22:23 | Research | Bow Saw |
| 22:32 | Build | House |
| 22:33 | Build | House |
| 22:44 | Queue | Villager (Male) |
| 22:51 | Queue | Mangonel |
| 22:53 | Queue | Villager (Male) |
| 23:00 | Queue | Villager (Male) |
| 23:19 | Queue | Villager (Male) |
| 23:30 | Build | House |
| 23:33 | Queue | Villager (Male) |
| 23:34 | Build | House |
Build order — Attila Empires
First 150 of 204 actions detected
| 0:00 | Queue | Villager (Male) |
| 0:01 | Queue | Villager (Male) |
| 0:02 | Build | House |
| 0:03 | Build | House |
| 0:17 | Queue | Villager (Male) |
| 0:17 | Queue | Villager (Male) |
| 1:31 | Queue | Villager (Male) |
| 1:31 | Queue | Villager (Male) |
| 1:53 | Build | Lumber Camp |
| 2:09 | Queue | Villager (Male) |
| 2:09 | Queue | Villager (Male) |
| 2:09 | Queue | Villager (Male) |
| 2:14 | Queue | Villager (Male) |
| 2:14 | Queue | Villager (Male) |
| 2:15 | Queue | Villager (Male) |
| 2:54 | Queue | Villager (Male) |
| 2:55 | Queue | Villager (Male) |
| 3:03 | Queue | Villager (Male) |
| 3:03 | Queue | Villager (Male) |
| 3:34 | Build | House |
| 3:38 | Queue | Villager (Male) |
| 3:38 | Queue | Villager (Male) |
| 4:04 | Queue | Villager (Male) |
| 4:05 | Queue | Villager (Male) |
| 4:05 | Queue | Villager (Male) |
| 4:49 | Queue | Villager (Male) |
| 4:49 | Queue | Villager (Male) |
| 5:33 | Build | Barracks |
| 5:44 | Build | House |
| 5:47 | Queue | Villager (Male) |
| 5:47 | Queue | Villager (Male) |
| 5:47 | Queue | Villager (Male) |
| 5:47 | Queue | Villager (Male) |
| 5:52 | Research | Loom |
| 6:12 | Queue | Villager (Male) |
| 7:03 | Research | Feudal Age |
| 7:03 | Research | Feudal Age |
| 7:16 | Queue | Militia |
| 7:16 | Queue | Militia |
| 7:16 | Queue | Militia |
| 7:25 | Build | Mill |
| 7:59 | Queue | Militia |
| 8:15 | Build | House |
| 8:19 | Build | House |
| 8:21 | Build | Palisade Wall |
| 8:41 | Queue | Villager (Male) |
| 9:04 | Queue | Villager (Male) |
| 9:19 | Age | Feudal Age |
| 9:21 | Research | Man-at-Arms (upgrade) |
| 9:21 | Research | Man-at-Arms (upgrade) |
| 9:45 | Queue | Villager (Male) |
| 9:49 | Build | Archery Range |
| 10:05 | Research | Double-Bit Axe |
| 10:05 | Research | Horse Collar |
| 10:06 | Research | Horse Collar |
| 10:20 | Build | Farm |
| 10:32 | Build | House |
| 10:36 | Queue | Villager (Male) |
| 10:46 | Build | Farm |
| 10:47 | Build | Farm |
| 10:50 | Queue | Villager (Male) |
| 10:50 | Queue | Villager (Male) |
| 11:03 | Queue | Skirmisher |
| 11:03 | Queue | Skirmisher |
| 11:10 | Build | House |
| 11:13 | Build | Palisade Wall |
| 11:20 | Queue | Villager (Male) |
| 11:30 | Build | Farm |
| 11:32 | Queue | Skirmisher |
| 11:32 | Queue | Skirmisher |
| 11:42 | Build | Farm |
| 11:56 | Build | Farm |
| 12:00 | Queue | Villager (Male) |
| 12:01 | Queue | Skirmisher |
| 12:26 | Queue | Villager (Male) |
| 12:39 | Queue | Skirmisher |
| 12:41 | Queue | Villager (Male) |
| 12:44 | Build | Farm |
| 12:46 | Build | Farm |
| 12:48 | Build | Farm |
| 12:53 | Queue | Skirmisher |
| 13:17 | Queue | Villager (Male) |
| 13:20 | Build | Mining Camp |
| 13:31 | Queue | Villager (Male) |
| 13:36 | Build | Farm |
| 13:40 | Build | Farm |
| 13:45 | Queue | Skirmisher |
| 13:45 | Queue | Skirmisher |
| 14:01 | Queue | Villager (Male) |
| 14:13 | Build | Blacksmith |
| 14:23 | Queue | Villager (Male) |
| 14:26 | Build | House |
| 14:27 | Build | Palisade Wall |
| 14:29 | Build | Palisade Wall |
| 14:44 | Queue | Skirmisher |
| 14:59 | Queue | Villager (Male) |
| 15:04 | Build | Farm |
| 15:09 | Build | House |
| 15:12 | Build | Palisade Wall |
| 15:16 | Queue | Villager (Male) |
| 15:19 | Queue | Skirmisher |
| 15:20 | Queue | Skirmisher |
| 15:22 | Queue | Villager (Male) |
| 15:35 | Research | Fletching |
| 15:38 | Research | Wheelbarrow |
| 15:49 | Queue | Skirmisher |
| 16:04 | Build | Farm |
| 16:14 | Queue | Archer |
| 16:29 | Queue | Villager (Male) |
| 16:38 | Build | House |
| 16:39 | Build | House |
| 16:40 | Build | House |
| 16:46 | Queue | Archer |
| 16:47 | Queue | Archer |
| 16:52 | Build | Palisade Wall |
| 17:05 | Queue | Archer |
| 17:12 | Queue | Villager (Male) |
| 17:43 | Queue | Villager (Male) |
| 18:06 | Research | Castle Age |
| 18:06 | Research | Castle Age |
| 18:06 | Research | Castle Age |
| 18:11 | Build | Archery Range |
| 18:34 | Build | House |
| 18:40 | Queue | Archer |
| 18:47 | Build | House |
| 18:48 | Build | House |
| 18:51 | Build | House |
| 18:53 | Build | House |
| 18:55 | Build | House |
| 19:09 | Queue | Archer |
| 19:14 | Research | Padded Archer Armor |
| 19:14 | Research | Padded Archer Armor |
| 19:14 | Research | Padded Archer Armor |
| 19:23 | Queue | Archer |
| 19:26 | Queue | Villager (Male) |
| 19:50 | Queue | Archer |
| 19:50 | Queue | Archer |
| 20:09 | Queue | Archer |
| 20:11 | Queue | Archer |
| 20:24 | Build | House |
| 20:36 | Queue | Villager (Male) |
| 20:38 | Queue | Archer |
| 20:39 | Queue | Archer |
| 20:46 | Age | Castle Age |
| 20:51 | Research | Crossbowman (upgrade) |
| 20:51 | Research | Crossbowman (upgrade) |
| 20:51 | Research | Crossbowman (upgrade) |
| 20:52 | Research | Bodkin Arrow |
| 20:52 | Research | Bodkin Arrow |
| 20:55 | Queue | Villager (Male) |
Match timeline
| 5:33 | Attila Empires · first_building Barracks |
| 8:14 | m4rco · first_building Barracks |
| 8:21 | Attila Empires · wall_segment Palisade Wall x5 |
| 8:51 | m4rco · age_up feudal |
| 9:08 | m4rco · first_building Archery Range |
| 9:19 | Attila Empires · age_up feudal |
| 9:49 | Attila Empires · first_building Archery Range |
| 10:21 | m4rco · first_market_sell 100 stone |
| 10:41 | m4rco · wall_segment Palisade Wall x1 |
| 10:42 | m4rco · wall_segment Palisade Wall x1 |
| 10:46 | m4rco · wall_segment Palisade Wall x1 |
| 11:13 | Attila Empires · wall_segment Palisade Wall x13 |
| 11:26 | m4rco · wall_segment Palisade Wall x8 |
| 12:48 | m4rco · wall_segment Palisade Wall x1 |
| 12:51 | m4rco · wall_segment Palisade Wall x4 |
| 13:26 | m4rco · wall_segment Palisade Wall x10 |
| 13:27 | m4rco · wall_segment Palisade Wall x8 |
| 13:36 | m4rco · wall_segment Palisade Wall x8 |
| 13:39 | m4rco · wall_segment Palisade Wall x1 |
| 14:10 | m4rco · first_building Stable |
| 14:21 | m4rco · wall_segment Palisade Wall x8 |
| 14:27 | Attila Empires · wall_segment Palisade Wall x2 |
| 14:29 | Attila Empires · wall_segment Palisade Wall x16 |
| 15:12 | Attila Empires · wall_segment Palisade Wall x9 |
| 16:08 | m4rco · wall_segment Palisade Wall x8 |
| 16:11 | m4rco · wall_segment Palisade Wall x17 |
| 16:52 | Attila Empires · wall_segment Palisade Wall x3 |
| 18:26 | m4rco · first_market_buy 100 food |
| 20:46 | Attila Empires · age_up castle |
| 21:45 | m4rco · age_up castle |
| 21:55 | m4rco · first_building Siege Workshop |
| 25:18 | m4rco · resign |
[ AI ANALYSIS · 1 CREDIT ]
What really happened in this match?
Wolo.gg analyzes every decision: build order, eco, micro, common mistakes by bracket. Personalized analysis on WhatsApp or Discord in 30 seconds.
Civ guide
Saracens
Perfil
Jugador #1512532